 Dungeon Crawl Stone Soup version 0.31-a0-83-gbff143cfd1 (webtiles) character file.

Game seed: 2465061269801278906

3 JoshKwa the Stinger (level 1, 0/15 HPs)
             Began as a Djinni Ice Elementalist on May 25, 2023.
             Slain by a gnoll
             ... wielding a +0 whip
              (3 damage)
             ... on level 1 of the Dungeon.
             The game lasted 00:00:40 (48 turns).

JoshKwa the Stinger (Djinni Ice Elementalist)         Turns: 48, Time: 00:00:41

Health: 0/15       AC:  2    Str:  7    XL:     1   Next: 55%
Gold:   0          EV: 12    Int: 16    God:
                   SH:  0    Dex: 13

rFire   + + .        b - +0 dagger
rCold   x . .        (no shield)
rNeg    . . .        a - +0 robe
rPois   ∞            (no helmet)
rElec   .            (no cloak)
rCorr   .            (no gloves)
SInv    .            (boots unavailable)
Will    .....        (no amulet)
Stlth   ++           (no ring)
HPRegen 0.22/turn    (no ring)
MPRegen 0.00/turn

%: infuse magic (-1 HP)
@: flying
A: sickness immunity, fire resistance 2, cold vulnerability 1, float, innate
caster, HP casting, extra vitality 1
a: no special abilities


You were on level 1 of the Dungeon.
You visited 1 branch of the dungeon, and saw 2 of its levels.

Inventory:

Hand Weapons
 b - a +0 dagger (weapon)
Armour
 a - a +0 robe (worn)
Potions
 c - a potion of degeneration {unknown}


   Skills:
 + Level 2.3 Dodging
 + Level 1.7 Stealth
 + Level 3.4 Spellcasting
 + Level 3.4 Conjurations
 + Level 3.4 Hexes
 + Level 3.4 Summonings
 + Level 3.4 Necromancy
 + Level 3.4 Translocations
 + Level 3.4 Transmutations
 + Level 3.4 Fire Magic
 + Level 3.4 Ice Magic
 + Level 3.4 Air Magic
 + Level 3.4 Earth Magic
 + Level 3.4 Poison Magic


You knew the following spells:

 Your Spells              Type           Power      Damage    Failure   Level
a - Freeze                Ice            52%        1d6       4%          1
b - Frozen Ramparts       Ice            26%        1d4       13%         3
c - Ozocubu's Armour      Ice            13%        N/A       13%         3
d - Summon Ice Beast      Ice/Summ       12%        N/A       47%         4
Your spell library was empty.

Dungeon Overview and Level Annotations

Branches:
Dungeon (2/15)

Altars:


Innate Abilities, Weirdness & Mutations

You are immune to sickness and miasma.
You are immune to poison.
Your flesh is very heat resistant. (rF++)
You are vulnerable to cold. (rC-)
You float through the air rather than walking.
You learn spells naturally, not from books.
Your magical power is your life essence.
You have superior vitality. (+4 MHP)


Message History

Aiming: Freeze (safe; 4% risk of failure)
Press: ? - help, Q - select action Shift-Dir - straight line, f - frilled lizard
Aim: a frilled lizard You freeze the frilled lizard.
You kill the frilled lizard!
Unknown command.
A gnoll comes into view. It is wielding a +0 whip.
The gnoll shouts!
A rat comes into view.
You reach down and open the door.
There is an open door here.
There is an open door here.
The gnoll attacks as you move away! The gnoll barely misses you.
Aiming: Freeze (safe; 4% risk of failure)
Press: ? - help, Q - select action Shift-Dir - straight line, f - gnoll
Aim: a gnoll, wielding a +0 whip You freeze the gnoll.
The gnoll is lightly wounded.
The gnoll barely misses you. The gnoll attacks as you move away!
The gnoll hits you with a +0 whip.
* * * LOW HITPOINT WARNING * * *
There is a stone staircase leading down here.
The gnoll barely misses you.
The rat twitches its whiskers.
You fly downwards.
There is a stone staircase leading up here.
The gnoll hits you with a +0 whip.
* * * LOW HITPOINT WARNING * * *
You fly upwards.
The rat bites you but does no damage. The rat barely misses you.
There is a stone staircase leading down here.
The gnoll attacks as you move away! The gnoll barely misses you.
Found a pair of gloves.
An endoplasm comes into view.
Found a sling.
You see here a glowing green potion.
c - a glowing green potion The endoplasm quivers.
The gnoll hits you with a +0 whip.
You die...

.....J. ....... )......
.[..... .......
......... ..........###
####
#........#.@g####...#
##........###r.......##
.......................
......).......>......#
#.............#####..
+...........+#
#...........#
#.....⌠#...†#
#.....##....#


You could see a gnoll, an endoplasm and a rat.

Vanquished Creatures
  An endoplasm (D:1)
  A goblin (D:1)
  A frilled lizard (D:1)
3 creatures vanquished.

Notes
Turn   | Place    | Note
-------+----------+-------------------------------------------
     0 | D:1      | JoshKwa the Djinni Ice Elementalist began the quest for the
                  | Orb.
     0 | D:1      | JoshKwa set off with the following spells memorised:
                  | Freeze, Frozen Ramparts, Ozocubu's Armour, Summon Ice
                  | Beast.
     0 | D:1      | Reached XP level 1. HP: 15/15 MP: 0/0
    48 | D:1      | Slain by a gnoll

Illustrated notes

Levels and vault maps discovered:
D:1:      noname_arrival_rooms_in_the_neighbourhood, layout_rooms, serial_shops,
          shop, dk_noncrumbling_3
D:2:      layout_loops_ring, chequers_mini_garden, minmay_crystal_water

Action                     || total
---------------------------++-------
  Melee: Dagger            ||     1
   Cast: Freeze            ||     7
 Armour: Robe              ||     1
  Dodge: Dodged            ||     6

Table legend: (Time is in decaauts)
 A = Elapsed time spent in this place.
 B = Non-inter-level travel time spent in this place.
 C = Inter-level travel time spent in this place.
 D = Time resting spent in this place.
 E = Time spent auto-exploring this place.
 F = Levels seen in this place.
 G = Mean time per level.
                   A        B        C        D        E       F      G
               +--------+--------+--------+--------+--------+-----+--------+
         Total |     47 |     47 |      0 |      0 |      0 |   2 |   23.5 |
       Dungeon |     47 |     47 |      0 |      0 |      0 |   2 |   23.5 |
               +--------+--------+--------+--------+--------+-----+--------+

Top non-repeatable levels by time:
     D:1: 46 daAuts
     D:2: 1 daAuts
